 Dungeon Crawl Stone Soup version 0.26.0-10-g1f06aea511 (webtiles) character file.

Game seed: 12633290987755739838

1091 septik the Cleaver (level 8, -8/106 HPs)
             Began as a Minotaur Berserker on Jan 29, 2021.
             Was a Priest of Trog.
             Mangled by Pikel
             ... wielding a +0 whip of electrocution
              (19 damage)
             ... on level 4 of the Dungeon.
             The game lasted 00:06:12 (3021 turns).

septik the Cleaver (Minotaur Berserker)             Turns: 3021, Time: 00:06:13

Health: -8/106     AC: 13    Str: 23    XL:     8   Next: 9%
Magic:  7/7        EV: 10    Int:  4    God:    Trog [***...]
Gold:   244        SH:  0    Dex: 11    Spells: 7/7 levels left

rFire    . . .     SeeInvis .   a - +0 hand axe
rCold    + . .     Faith    .   (no shield)
rNeg     . . .     Spirit   .   c - +2 chain mail {rC+}
rPois    .         Reflect  .   (helmet restricted)
rElec    .         Harm     .   i - +0 cloak
rCorr    .         Rampage  .   (no gloves)
Will     .....                  (no boots)
Stlth    ..........             f - amulet of the acrobat
HPRegen  0.27/turn              (no ring)
MPRegen  0.10/turn              (no ring)

@: berserking, very quick
A: retaliatory headbutt, horns 2
a: Renounce Religion, Berserk, Trog's Hand


You were on level 4 of the Dungeon.
You worshipped Trog.
Trog was most pleased with you.
You visited 1 branch of the dungeon, and saw 4 of its levels.

You collected 244 gold pieces.

Inventory:

Hand Weapons
 a - a +0 hand axe (weapon)
Armour
 c - a +2 chain mail of cold resistance (worn)
 i - a +0 cloak (worn)
Jewellery
 f - an amulet of the acrobat (around neck)
Wands
 o - a wand of random effects (15)
 w - a wand of paralysis (10)
Scrolls
 b - 4 scrolls of identify {unknown}
 e - 2 scrolls of blinking {unknown}
 k - a scroll of fog {unknown}
 l - 4 scrolls of teleportation {unknown}
 n - a scroll of amnesia {unknown}
 q - a scroll of enchant armour {unknown}
 u - a scroll of remove curse {unknown}
 v - a scroll of enchant weapon {unknown}
Potions
 d - a potion of flight {unknown}
 g - a potion of magic {unknown}
 h - 5 potions of curing {unknown}
 j - 3 potions of brilliance {unknown}
 m - a potion of degeneration {unknown}
 p - a potion of invisibility {unknown}
 r - a potion of mutation {unknown}
 s - a potion of might {unknown}
 t - a potion of attraction {unknown}
 x - a potion of cancellation {unknown}


   Skills:
 + Level 6.3 Fighting
 * Level 8.2 Axes
 + Level 5.4 Armour
 + Level 4.9 Dodging


You had 7 spell levels left.
You didn't know any spells.
Your spell library was empty.

Dungeon Overview and Level Annotations

Branches:
Dungeon (4/15)
 Temple: D:4-7

Altars:
Gozag
Makhleb
Ru
Uskayaw
Vehumet
Xom

Annotations:
D:4 Pikel


Innate Abilities, Weirdness & Mutations

You reflexively headbutt those who attack you in melee.
You have a pair of horns on your head.


Message History

Pikel is heavily wounded.
You hit the lemure. You hit the worm but do no damage.
The lemure hits you but does no damage. Pikel hits you but does no damage.
You are electrocuted!
* * * LOW HITPOINT WARNING * * *
The worm bites you.
* * * LOW HITPOINT WARNING * * *
A red film seems to cover your vision as you go berserk!
You feel yourself moving faster!
You feel mighty! The lemure hits you.
* * * LOW HITPOINT WARNING * * *
Pikel hits you but does no damage.
Unknown command.
You barely miss Pikel.
Pikel is heavily wounded.
You hit the lemure. You barely miss the worm. The lemure hits you.
* * * LOW HITPOINT WARNING * * *
Pikel hits you with a +0 whip of electrocution.
* * * LOW HITPOINT WARNING * * *
You are electrocuted!!
You die...

..... ..... .....
.#######....### .....
...#...#........ .....
#................## .....
#.................. #...
#............#...# #...
#.........K5[....# #.##
#..........@w....# ##. #
#.......#.......## #....
#.....††#.......########....
#......#...................
#.........#####............
#....)....#####............
#....#........#............
#....#........#............
#....#.....................


You could see Pikel, a lemure and a worm.

Vanquished Creatures
  Grinder (D:3)
  An orc warrior (D:3)
  2 phantoms
  The ghost of StoneSoupSpirit the Chopper, an amateur DsCK of Xom (D:3)
  An ogre (D:4)
  3 lemures (D:4)
  2 scorpions
  3 iron imps (D:4)
  Natasha (thrice) (D:3)
  A worker ant (D:4)
  Robin (D:4)
  6 adders
  4 worms
  2 leopard geckos
  14 orcs
  3 ball pythons
  8 bats
  8 giant cockroaches
  8 hobgoblins
  8 kobolds
  3 quokkas
  6 frilled lizards
  17 goblins
  7 rats
113 creatures vanquished.

Notes
Turn   | Place    | Note
-------+----------+-------------------------------------------
     0 | D:1      | septik the Minotaur Berserker began the quest for the Orb.
     0 | D:1      | Reached XP level 1. HP: 19/19 MP: 0/0
   230 | D:1      | Reached skill level 4 in Axes
   230 | D:1      | Reached XP level 2. HP: 27/27 MP: 1/1
   751 | D:2      | Reached XP level 3. HP: 33/33 MP: 2/2
   788 | D:2      | Found a transporter.
   831 | D:2      | Noticed a phantom
   989 | D:2      | Found a hide-covered altar of Uskayaw.
   989 | D:2      | Noticed a scorpion
   999 | D:2      | Found a transporter.
  1023 | D:2      | Killed a scorpion
  1023 | D:2      | Reached ** piety under Trog
  1024 | D:2      | Reached skill level 5 in Axes
  1024 | D:2      | Reached XP level 4. HP: 41/41 MP: 3/3
  1026 | D:2      | Killed a phantom
  1027 | D:2      | Reached XP level 5. HP: 47/47 MP: 4/4
  1746 | D:3      | Noticed Natasha
  1756 | D:3      | Killed Natasha
  1851 | D:3      | Noticed Grinder
  1871 | D:3      | Killed Grinder
  1872 | D:3      | Reached skill level 5 in Fighting
  1872 | D:3      | Reached skill level 6 in Axes
  1872 | D:3      | Reached XP level 6. HP: 52/56 MP: 5/5
  2021 | D:3      | Noticed an orc warrior
  2030 | D:3      | Killed an orc warrior
  2031 | D:3      | Reached XP level 7. HP: 61/61 MP: 6/6
  2068 | D:3      | Reached skill level 7 in Axes
  2144 | D:3      | Reached *** piety under Trog
  2182 | D:3      | Noticed StoneSoupSpirit's ghost (amateur DsCK)
  2183 | D:3      | Noticed Natasha
  2184 | D:3      | Found a runed translucent gate.
  2184 | D:3      | Found a runed translucent gate.
  2184 | D:3      | Found a runed translucent gate.
  2198 | D:3      | Killed Natasha
  2227 | D:3      | Killed StoneSoupSpirit's ghost
  2279 | D:3      | Noticed Natasha
  2285 | D:3      | Killed Natasha
  2566 | D:4      | Found a radiant altar of Vehumet.
  2591 | D:4      | Found a sacrificial altar of Ru.
  2591 | D:4      | Found a shimmering altar of Xom.
  2592 | D:4      | Found an opulent altar of Gozag.
  2620 | D:4      | Noticed Robin
  2635 | D:4      | Reached skill level 5 in Armour
  2635 | D:4      | Killed Robin
  2839 | D:4      | Found a burning altar of Makhleb.
  2855 | D:4      | Reached skill level 8 in Axes
  2862 | D:4      | Reached XP level 8. HP: 70/70 MP: 7/7
  3001 | D:4      | Noticed Pikel
  3021 | D:4      | Mangled by Pikel

Illustrated notes

Levels and vault maps discovered:
D:1:      eino_arrival_cavern_d, layout_basic
D:2:      minmay_chambers_of_ones, layout_rooms,
          gammafunk_temple_overflow_arena, serial_corexii_hall,
          chequers_hall_statues_y, corexii_hall_statues_x,
          chequers_hall_statues_y, corexii_hall_statues_i,
          kennysheep_generic_room_5, uniq_crazy_yiuf_cottage
D:3:      layout_rooms, ebering_ghost_rock_garden, uniq_natasha, uniq_grinder
D:4:      layout_basic, demons_altar, old_standard_altar,
          chequers_temple_overflow_statue_of_worship, minmay_tree_intersection,
          minmay_between, uniq_pikel, uniq_edmund, uniq_robin

Skill      XL: |  1  2  3  4  5  6  7 |
---------------+----------------------+-----
Axes           | 4 5 6 8 |  8.2
Fighting       | 4 5 6 |  6.3
Armour         | 3 4 5 |  5.4
Dodging        | 3 4 |  4.9

Action                   |  1- 3 |  4- 6 |  7- 9 || total
-------------------------+-------+-------+-------++-------
Melee: Hand axe          |    72 |    79 |   151 ||   302
       Headbutt          |    12 |    12 |    28 ||    52
Invok: Berserk           |     1 |     3 |     2 ||     6
Armor: Chain mail        |    46 |    34 |    98 ||   178
Dodge: Dodged            |    43 |    37 |    93 ||   173
